 Dungeon Crawl Stone Soup version 0.25-a0-591-g2ad0d861f1 (webtiles) character file.

Game seed: 14504183594911467169, levelgen mode: deterministic

26 Inarius the Ducker (level 2, -1/29 HPs)
             Began as a Troll Fighter on Mar 14, 2020.
             Slain by Sigmund
             ... wielding a +1 vampiric scythe
              (4 damage)
             ... on level 2 of the Dungeon.
             The game lasted 00:00:56 (415 turns).

Inarius the Ducker (Troll Fighter)                   Turns: 415, Time: 00:00:56

Health: -1/29      AC:  6    Str: 23    XL:     2   Next: 89%
Magic:  1/1        EV:  8    Int:  4    God:
Gold:   58         SH:  8    Dex:  9    Spells: 1/1 levels left

rFire    . . .     SeeInvis .     - Unarmed
rCold    . . .     Gourm    +   b - +0 kite shield
rNeg     . . .     Faith    .   a - +0 robe
rPois    .         Spirit   .   (helmet restricted)
rElec    .         Reflect  .   (no cloak)
rCorr    .         Harm     .   (gloves unavailable)
MR       .....                  (boots unavailable)
Stlth    +.........             (no amulet)
HPRegen  0.49/turn              (no ring)
MPRegen  0.07/turn              (no ring)

@: no status effects
A: large, unfitting armour, claws 3, fast metabolism 3, gourmand, regeneration
1, shaggy fur 1, tough skin 3
a: no special abilities


You were on level 2 of the Dungeon.
You were full.

You visited 1 branch of the dungeon, and saw 2 of its levels.

You collected 58 gold pieces.

Inventory:

Armour
 a - a +0 robe (worn)
 b - a +0 kite shield (worn)
Scrolls
 e - a scroll of amnesia {unknown}
 f - a scroll of blinking {unknown}
 g - a scroll of enchant armour {unknown}
 i - a scroll of identify {unknown}
Potions
 c - a potion of might
 h - a potion of cancellation {unknown}
 j - 2 potions of curing {unknown}
Comestibles
 d - 2 rations


   Skills:
 + Level 2.6 Fighting
 + Level 2.7 Dodging
 + Level 2.7 Shields
 * Level 2.3 Unarmed Combat


You had one spell level left.
You didn't know any spells.
Your spell library was empty.

Dungeon Overview and Level Annotations

Branches:
Dungeon (1/15)

Altars:

Annotations:
D:2 Sigmund


Innate Abilities, Weirdness & Mutations

You are too large for most types of armour.
You have claws for hands.
Your metabolism is lightning-fast.
You like to eat raw meat.
Your natural rate of healing is unusually fast.
You are covered in fur. (AC +1)
You have extremely tough skin. (AC +3)


Message History

You closely miss the leopard gecko.
The leopard gecko is heavily wounded.
The leopard gecko bites you but does no damage.
You closely miss the leopard gecko.
The leopard gecko is heavily wounded.
Something hits you! You block the leopard gecko's attack.
You closely miss the leopard gecko.
The leopard gecko is heavily wounded.
The leopard gecko bites you. Something hits you!
* * * LOW HITPOINT WARNING * * *
You closely miss the leopard gecko.
The leopard gecko is heavily wounded.
The leopard gecko bites you.
* * * LOW HITPOINT WARNING * * *
A quokka comes into view.
You block the leopard gecko's attack.
You scratch the leopard gecko but do no damage.
The leopard gecko is heavily wounded.
Something hits you.
You die...

#....# #....#
#### #....#
.!.##....# ..
#..#....#...
#####..........
...............
#@# #l# ##.#
#.s# #..##
...w. #......
#...... #...w..


You could see a worm, a leopard gecko and a giant cockroach.

Vanquished Creatures
  A dart slug (D:1)
  A leopard gecko (D:1)
  2 giant cockroaches
  4 goblins
  2 hobgoblins (D:1)
  3 kobolds (D:1)
  3 bats (D:1)
  A frilled lizard (D:1)
  4 rats (D:1)
21 creatures vanquished.

Notes
Turn   | Place    | Note
-------+----------+-------------------------------------------
     0 | D:1      | Inarius the Troll Fighter began the quest for the Orb.
     0 | D:1      | Reached XP level 1. HP: 22/22 MP: 0/0
   192 | D:1      | Reached XP level 2. HP: 27/29 MP: 1/1
   393 | D:1      | You fall into a shaft and drop 1 floor!
   405 | D:2      | Noticed Sigmund
   415 | D:2      | Slain by Sigmund

Levels and vault maps discovered:
D:1:      lightli_arrival_boilingwater, layout_rooms, minmay_tetromino_t4
D:2:      layout_rooms, overflow_temple_1_default, uniq_sigmund

Action                   || total
-------------------------++-------
Melee: Unarmed           ||    72
  Eat: Chunk             ||     5
Armor: Robe              ||    31
Dodge: Dodged            ||    25
Block: Kite shield       ||    28

Table legend:
 A = Non-vault XP
 B = Vault XP
 C = Vault XP percentage of total XP
 D = Non-vault monster count
 E = Vault monster count
 F = Vault count percentage of total count
                 A         B        C        D         E       F
            +---------+---------+-------+---------+---------+-------
      Total |      32 |       6 |  15.8 |      18 |       3 |  14.3
            +---------+---------+-------+---------+---------+-------
        D:1 |      26 |       6 |  18.8 |      15 |       3 |  16.7
        D:2 |       6 |       0 |   0.0 |       3 |       0 |   0.0
            +---------+---------+-------+---------+---------+-------
